[Event "***Titled Tuesday 3|2 Blitz"]
[Site "Chess.com"]
[Date "2017.02.07"]
[Round "2"]
[White "Durarbayli"]
[Black "jcgs1030"]
[Result "1-0"]
[WhiteElo "2609"]
[BlackElo "2294"]
[TimeControl "180+2"]
[EndTime "13:24:43 PST"]
[Termination "Durarbayli won by resignation"]

1. e4 c5 2. Nf3 d6 3. d4 cxd4 4. Nxd4 Nf6 5. Nc3 a6 6. Bg5 e6 7.
f4 Nbd7 8. Qe2 h6 9. Bh4 Qc7 10. g3 e5 11. Nf5 b5 12. O-O-O Bb7 13. Bg2 g6 14. Ne3 Be7 15. Bxf6 Nxf6 16. h4 Rc8 17. Bh3 Rd8 18. Ned5 Nxd5 19. Nxd5 Bxd5 20. Rxd5 O-O 21. h5 g5 22. Kb1 exf4 23. gxf4 gxf4 24. Qg4+ Kh8 25.
Qxf4 Bg5 26. Rxg5 hxg5 27. Qf6+ Kg8 28. Qxg5+ Kh8 29. Qh6+ 1-0

[Event "***Titled Tuesday 3|2 Blitz"]
[Site "Chess.com"]
[Date "2017.02.07"]
[Round "2"]
[White "MateusViageiro"]
[Black "Hamisandwich"]
[Result "0-1"]
[WhiteElo "2433"]
[BlackElo "2429"]
[TimeControl "180+2"]
[EndTime "13:24:45 PST"]
[Termination "Hamisandwich won by resignation"]

1. Nf3 c5 2. g3 b6 3. Bg2 Bb7 4. O-O Nf6 5. d4 cxd4 6. Qxd4 g6 7. c4 Bg7 8. Nc3 Nc6 9. Qd1 Na5 10. Qd3 Rc8 11.
b3 d5 12. cxd5 Nxd5 13. Nxd5 Qxd5 14. Rb1 Qxd3 15. exd3 O-O 16. Ba3 Rfe8 17. Rbc1 e6 18. Rxc8 Rxc8 19. Rc1 Rxc1+ 20. Bxc1 Bd5 21. Ng5 Bxg2 22.
Kxg2 Nc6 23. a3 Nd4 24. b4 Nb3 25. Be3 Bb2 26. a4 Ba3 27. b5 Bc5 28. Ne4 Bxe3 29. fxe3 f5 30. Nd6 Nc5 31. Nc8 Nxd3 32. Nxa7 Nc5 33.
a5 bxa5 34. b6 a4 35. Nb5 Kf8 36. Kf2 Ke7 37. Ke2 Kd7 38. Na7 a3 39. Nb5 a2 0-1

[Event "***Titled Tuesday 3|2 Blitz"]
[Site "Chess.com"]
[Date "2017.02.07"]
[Round "2"]
[White "Aygehovit1992"]
[Black "olomi007"]
[Result "0-1"]
[WhiteElo "2443"]
[BlackElo "2522"]
[TimeControl "180+2"]
[EndTime "13:25:04 PST"]
[Termination "olomi007 won by resignation"]

1. e4 c5 2. Nf3 Nc6 3. Bb5 d6 4.
O-O Bd7 5. Re1 Nf6 6. c3 a6 7. Bf1 Bg4 8. h3 Bxf3 9. Qxf3 e6 10. a4 Be7 11. Na3 O-O 12. Nc2 d5 13. e5 Nd7 14.
d4 cxd4 15. cxd4 Rc8 16. Bd3 Nb4 17. Nxb4 Bxb4 18. Re2 Re8 19. Qh5 Nf8 20. Bg5 Be7 21. Be3 Qa5 22. f4 Rc7 23. f5 exf5 24. Qxf5 g6 25. Qf3 Ne6 26. Rf1 Bg5 27. Bxg5 Nxg5 28. Qg4 Ne6 29. Bc2 Qb4 30. Rd1 Rc4 31. Rf2 Rxd4 32.
Rxd4 Qxd4 33. Qf3 Ng5 34. Qf6 Qxe5 35. Bb3 Qg3 36. Kh1 Re1+ 0-1

[Event "***Titled Tuesday 3|2 Blitz"]
[Site "Chess.com"]
[Date "2017.02.07"]
[Round "2"]
[White "Blitzstream"]
[Black "3f32"]
[Result "0-1"]
[WhiteElo "2454"]
[BlackElo "2356"]
[TimeControl "180+2"]
[EndTime "13:25:12 PST"]
[Termination "3f32 won by checkmate"]

1. d4 Nf6 2. Bg5 Ne4 3. Bh4 c5 4.
f3 g5 5. fxe4 gxh4 6. e3 Bh6 7.
Kf2 Nc6 8. Nf3 d6 9. d5 Nb8 10. Nc3 Qb6 11. Bb5+ Nd7 12. Nxh4 a6 13. Bxd7+ Bxd7 14. Qd3 Rg8 15. a4 O-O-O 16. Rhb1 e5 17. b4 cxb4 18. Qc4+ Kb8 19. Qd3 a5 20. Nb5 Rc8 21.
c3 Bxb5 22. Qxb5 Qxe3+ 23. Kf1 Rxc3 24. Rb2 Qf4+ 25. Nf3 Rxf3+ 26. gxf3 Qxf3+ 27. Rf2 Qh1+ 28. Ke2 Qxa1 29. Qxa5 Qb2+ 30. Kf1 Qc1+ 31. Ke2 Qd2+ 32. Kf3 Qe3# 0-1

[Event "***Titled Tuesday 3|2 Blitz"]
[Site "Chess.com"]
[Date "2017.02.07"]
[Round "2"]
[White "cheese111"]
[Black "IM_Michal_Luch"]
[Result "0-1"]
[WhiteElo "2219"]
[BlackElo "2383"]
[TimeControl "180+2"]
[EndTime "13:25:14 PST"]
[Termination "IM_Michal_Luch won by resignation"]

1. e4 Nf6 2. e5 Nd5 3. Nf3 d6 4. d4 dxe5 5. Nxe5 c6 6. Be2 Bf5 7.
O-O Nd7 8. Nf3 e6 9. c4 N5f6 10. Nc3 Ne4 11. Nxe4 Bxe4 12. Be3 Bd6 13. Ng5 Bg6 14.
Rc1 Nf6 15. Qb3 Qc7 16. h3 h6 17. Nf3 Bh5 18. Rfd1 O-O 19. d5 exd5 20. cxd5 c5 21. Qc4 Rfe8 22. Rc2 a6 23. Re1 b5 24.
Qd3 Bg6 25. Qd1 Bxc2 26. Qxc2 Nxd5 27. Bd2 Bf4 28. Qf5 Bxd2 29. Nxd2 Nf4 30. Ne4 Nxe2+ 31. Rxe2 Qe5 32. Qf3 Qd4 33. Nc3 Rad8 0-1

[Event "***Titled Tuesday 3|2 Blitz"]
[Site "Chess.com"]
[Date "2017.02.07"]
[Round "2"]
[White "ABDELAZEEZ-M"]
[Black "AungTZ"]
[Result "1-0"]
[WhiteElo "2133"]
[BlackElo "2055"]
[TimeControl "180+2"]
[EndTime "13:25:21 PST"]
[Termination "ABDELAZEEZ-M won by resignation"]

1. d4 Nf6 2. c4 e6 3. Nf3 b6 4.
Nc3 Bb7 5. Bg5 Be7 6. e3 d5 7. cxd5 Nxd5 8. Bxe7 Qxe7 9. Rc1 O-O 10. Bd3 Rd8 11. O-O c5 12. Nxd5 exd5 13. Qc2 c4 14. Bxh7+ Kh8 15. Bf5 Nc6 16. a3 Rd6 17. Qe2 Rh6 18. h3 Rd8 19. Rfe1 Qf6 20. Bb1 Re8 21. Rcd1 Bc8 22. Nh2 Rh4 23. Qf3 Qg5 24. Qg3 Qh6 25. Nf3 Rh5 26. Qf4 Qe6 27. Ng5 Rxg5 28. Qxg5 g6 29. e4 Na5 30. Qxd5 Qf6 31. e5 Qg5 32. Qf3 Bb7 33. Qf6+ Qxf6 34. exf6 1-0

[Event "***Titled Tuesday 3|2 Blitz"]
[Site "Chess.com"]
[Date "2017.02.07"]
[Round "2"]
[White "filali-oujda"]
[Black "luisgui16"]
[Result "1-0"]
[WhiteElo "2187"]
[BlackElo "2071"]
[TimeControl "180+2"]
[EndTime "13:25:21 PST"]
[Termination "filali-oujda won by resignation"]

1. e4 c5 2. Nf3 d6 3. Bb5+ Nd7 4. c4 Nf6 5. Nc3 e6 6. O-O a6 7. Ba4 Be7 8. d3 O-O 9. Bf4 Nh5 10. Be3 Nhf6 11. h3 b6 12. Rb1 Bb7 13. b4 Qc7 14. bxc5 dxc5 15. Bg5 Rfd8 16. Qe2 h6 17.
Bh4 Nf8 18. Bg3 Qc8 19. Rxb6 N6d7 20. Rb3 Bc6 21. Rfb1 Bf6 22. Bxc6 Qxc6 23. e5 Be7 24. Ne4 Ng6 25. Nd6 Rdb8 26. h4 a5 27. h5 Ngf8 28.
Rb5 a4 29. a3 Rxb5 30. cxb5 Qxd6 31. exd6 1-0

[Event "***Titled Tuesday 3|2 Blitz"]
[Site "Chess.com"]
[Date "2017.02.07"]
[Round "2"]
[White "plouarzel"]
[Black "Genghis_K"]
[Result "0-1"]
[WhiteElo "2414"]
[BlackElo "2695"]
[TimeControl "180+2"]
[EndTime "13:25:22 PST"]
[Termination "Genghis_K won by resignation"]

1. e4 c5 2. Nf3 d6 3. Bb5+ Nc6 4.
Bxc6+ bxc6 5. O-O e5 6. c3 f5 7. d4 fxe4 8. Ng5 d5 9. dxe5 Bf5 10. f3 e3 11. Bxe3 h6 12. Nh3 Bxh3 13. gxh3 Qd7 14.
Qa4 Ne7 15. Bxc5 Ng6 16. Bxf8 Rxf8 17. Nd2 Rf4 18. Qc2 Kf7 19. Rae1 Re8 20. Nb3 Nxe5 21. Qg2 Nxf3+ 22. Qxf3 Rxf3 23. Rxf3+ Kg6 24. Rxe8 Qxe8 25. Nd4 Qe1+ 26. Kg2 c5 27. Nf5 Qe2+ 28. Rf2 Qe4+ 29. Kg3 h5 30. Nh4+ Kg5 31. Rf5+ Kh6 32. Rf2 g5 33. Nf3 g4 34. Nh4 Qe3+ 35. Kg2 Qxh3+ 36. Kg1 Qxh4 37. Rf6+ Qxf6 0-1

[Event "***Titled Tuesday 3|2 Blitz"]
[Site "Chess.com"]
[Date "2017.02.07"]
[Round "2"]
[White "Cryptochess"]
[Black "AllStarShark"]
[Result "1-0"]
[WhiteElo "2413"]
[BlackElo "2256"]
[TimeControl "180+2"]
[EndTime "13:25:26 PST"]
[Termination "Cryptochess won by resignation"]

1. e4 e5 2. Nf3 Nc6 3. Bc4 Nf6 4.
d3 Be7 5. O-O O-O 6. Nc3 d6 7.
a4 Bg4 8. h3 Bh5 9. g4 Bg6 10.
Nh4 Na5 11. Ba2 c5 12. f4 exf4 13. Bxf4 Nd7 14. Nxg6 hxg6 15. Nd5 Ne5 16. Qd2 Nac6 17. c3 Bh4 18. d4 cxd4 19. cxd4 g5 20. Bh2 Ng6 21. Rf3 Kh7 22. Raf1 f6 23. b4 a6 24. a5 Re8 25. Bb1 Nce7 26. Nb6 Rb8 27. Ba2 Nc8 28. Nd5 Nce7 29. Ne3 Rc8 30. Be6 Rc7 31. Qa2 Kh6 32. Bf7 Rf8 33. Qe6 Qc8 34. Bxd6 Qxe6 35. Bxe6 Rc6 36.
Bxe7 Nxe7 37. d5 Rc7 38. d6 1-0

[Event "***Titled Tuesday 3|2 Blitz"]
[Site "Chess.com"]
[Date "2017.02.07"]
[Round "2"]
[White "silverback96"]
[Black "SwiftyMcBishop"]
[Result "1-0"]
[WhiteElo "2079"]
[BlackElo "2190"]
[TimeControl "180+2"]
[EndTime "13:25:26 PST"]
[Termination "silverback96 won by checkmate"]

1. d4 d5 2. c4 dxc4 3. e3 Nf6 4.
Bxc4 e6 5. Nf3 c5 6. O-O a6 7. Bb3 cxd4 8. exd4 Nc6 9. Nc3 Nd5 10.
Bg5 Be7 11. Nxd5 exd5 12. Re1 O-O 13. Bxe7 Nxe7 14. Re5 f6 15. Re2 Bg4 16. Qd3 Nc6 17. Rae1 Qd7 18. h3 Bf5 19. Qd2 Qd6 20. Nh4 Bd7 21.
Qd3 Kh8 22. Bc2 f5 23. Nf3 Nb4 24. Qd2 Nxa2 25. Re7 Rad8 26. Ne5 Be6 27. Qg5 Rg8 28. Ng6+ hxg6 29. Qh4# 1-0

[Event "***Titled Tuesday 3|2 Blitz"]
[Site "Chess.com"]
[Date "2017.02.07"]
[Round "2"]
[White "Yaacovn"]
[Black "AlexanderL"]
[Result "0-1"]
[WhiteElo "2594"]
[BlackElo "2589"]
[TimeControl "180+2"]
[EndTime "13:25:33 PST"]
[Termination "AlexanderL won by resignation"]

1. d4 Nf6 2. Nf3 d5 3. c4 e6 4.
Nc3 c6 5. Qb3 dxc4 6. Qxc4 b5 7.
Qd3 a6 8. g3 c5 9. Bg2 Bb7 10.
O-O Nbd7 11. Rd1 Qb6 12. a4 c4 13. Qc2 Rc8 14. axb5 axb5 15. Bg5 Be7 16. Bxf6 Nxf6 17. Ng5 Bxg2 18. Kxg2 Qb7+ 19. Kg1 O-O 20. Nce4 Nxe4 21.
Qxe4 Qxe4 22. Nxe4 Rfd8 23. e3 Rd7 24. Ra5 Rb7 25.
Rda1 f5 26. Nd2 Kf7 27. Nf3 Bf6 28. Kf1 Rcc7 29. Ke2 g5 30. h3 h5 31. Ra6 g4 32.
hxg4 hxg4 33. Ne1 Be7 34. Ng2 Bg5 35. Rh1 b4 36. Rh7+ Kf6 37. Rd7 Rxd7 0-1

[Event "***Titled Tuesday 3|2 Blitz"]
[Site "Chess.com"]
[Date "2017.02.07"]
[Round "2"]
[White "biostatistician"]
[Black "jcibarra"]
[Result "0-1"]
[WhiteElo "2488"]
[BlackElo "2630"]
[TimeControl "180+2"]
[EndTime "13:25:37 PST"]
[Termination "jcibarra won by resignation"]

1. d4 Nf6 2. Nf3 d6 3. c4 g6 4. Nc3 Bf5 5. d5 e5 6. dxe6 Bxe6 7. e4 Bg7 8. Be2 O-O 9. O-O Nc6 10. Bg5 h6 11. Bh4 g5 12. Bg3 Nh5 13. Qd2 g4 14.
Nh4 Qg5 15. Qxg5 hxg5 16. Nf5 Bxf5 17. exf5 Bxc3 18. bxc3 Nxg3 19. fxg3 Ne5 20. Rad1 f6 21. Rd4 Rfe8 22. Bxg4 Re7 23. Bf3 Rb8 24. h4 g4 25.
Bxg4 Rg7 26. Rff4 Kh7 27. Kf2 Rbg8 28. Bf3 Rxg3 29. c5 dxc5 30. Rd5 c4 31. Rc5 Nd3+ 0-1

[Event "***Titled Tuesday 3|2 Blitz"]
[Site "Chess.com"]
[Date "2017.02.07"]
[Round "2"]
[White "gammagramma"]
[Black "Vegan4future"]
[Result "0-1"]
[WhiteElo "2436"]
[BlackElo "2424"]
[TimeControl "180+2"]
[EndTime "13:25:42 PST"]
[Termination "Vegan4future won by checkmate"]

1. d4 Nf6 2. Nf3 g6 3. Bf4 Bg7 4. e3 O-O 5. Be2 d6 6. O-O b6 7. h3 c5 8. c3 Bb7 9. Nbd2 Nbd7 10. a4 a6 11. Qb1 cxd4 12. cxd4 Rc8 13. Rc1 Nd5 14.
Bg3 Nb4 15. Rxc8 Qxc8 16. Qf1 Qa8 17. Rc1 Rc8 18. Nc4 Nf6 19. Nxb6 Qb8 20. Nxc8 Bxc8 21. Ne1 Ne4 22. Nd3 Nxg3 23. fxg3 Nd5 24. Qf3 Bb7 25. Nf4 Nf6 26. Qf1 Ne4 27. Bf3 e5 28. dxe5 dxe5 29. Nd3 Nd2 30. Qe2 Nxf3+ 31. gxf3 e4 32. Nf4 exf3 33.
Qc4 Qe5 34. Rc2 Qxe3+ 35. Kh2 Be5 36. Nd3 Bxg3+ 37. Kxg3 f2+ 38. Kh2 f1=Q 39. Nf2 Qfxf2+ 40. Rxf2 Qxf2# 0-1

[Event "***Titled Tuesday 3|2 Blitz"]
[Site "Chess.com"]
[Date "2017.02.07"]
[Round "2"]
[White "Maitreia"]
[Black "BillieKimbah"]
[Result "1/2-1/2"]
[WhiteElo "2476"]
[BlackElo "2593"]
[TimeControl "180+2"]
[EndTime "13:25:44 PST"]
[Termination "Game drawn by agreement"]

1. c4 Nf6 2. g3 e5 3. Bg2 d5 4.
cxd5 Nxd5 5. Nc3 Nb6 6. Nf3 Nc6 7. O-O Be7 8. Rb1 a5 9. a3 O-O 10. b4 axb4 11. axb4 f6 12. b5 Nd4 13. d3 Be6 14. Nd2 Qc8 15. e3 Nf5 16. Nf3 Rd8 17. Qc2 Bf8 18.
Bb2 Nd6 19. Rfc1 Qd7 20. Nd2 Ra7 21. Nde4 Nxe4 22. Nxe4 Nd5 23. Nc5 Bxc5 24. Qxc5 b6 25. Qc6 Qxc6 26. Rxc6 Kf7 27. Rbc1 Rd7 28. Bc3 Ne7 29.
d4 exd4 30. Rxe6 Kxe6 31. Bxd4 Kf7 32. Bh3 Rd5 33. Bf1 Rd6 34. Bc4+ Ke8 35. Bd3 h6 36. h4 Ra4 37. Rxc7 Raxd4 38. exd4 Rxd4 39. Be2 Rd7 40. Rc2 Kd8 41. Bf3 Nf5 42. Bg4 Rd5 43.
Rc6 Rxb5 44. Bxf5 Rxf5 45. Rxb6 1/2-1/2

[Event "***Titled Tuesday 3|2 Blitz"]
[Site "Chess.com"]
[Date "2017.02.07"]
[Round "2"]
[White "johnathan113"]
[Black "Aguiar94"]
[Result "0-1"]
[WhiteElo "2340"]
[BlackElo "2454"]
[TimeControl "180+2"]
[EndTime "13:25:44 PST"]
[Termination "Aguiar94 won by resignation"]

1. d4 Nf6 2. Nc3 d5 3. Bf4 Bf5 4. f3 e6 5. g4 Bg6 6. h4 h6 7. e3 a6 8. h5 Bh7 9. Bd3 c5 10. Nge2 Nc6 11. a3 Bd6 12. Bxh7 Nxh7 13. Kf2 Rc8 14. Bxd6 Qxd6 15. dxc5 Qxc5 16. Nd4 Ne5 17.
Nce2 Nf6 18. b3 Qd6 19. Nf4 Rc7 20. Nd3 O-O 21. Nxe5 Qxe5 22. Qd2 Rfc8 23. Rhg1 Qg5 24. Rac1 e5 25. Nf5 e4 26. Qd4 Rxc2+ 27. Rxc2 Rxc2+ 28. Kf1 exf3 29. Ne7+ Kh8 30. Rg3 Rc1+ 31. Kf2 Ne4+ 32. Kxf3 Nxg3 33. Nxd5 Nxh5 34. Qe4 Nf6 35. Qe7 Qxd5+ 0-1

[Event "***Titled Tuesday 3|2 Blitz"]
[Site "Chess.com"]
[Date "2017.02.07"]
[Round "2"]
[White "VishnuPrasanna"]
[Black "Cecile_Haussernot"]
[Result "1-0"]
[WhiteElo "2479"]
[BlackElo "2272"]
[TimeControl "180+2"]
[EndTime "13:25:50 PST"]
[Termination "VishnuPrasanna won by resignation"]

1. d3 c5 2. d4 cxd4 3. Nf3 d6 4.
Nxd4 Nf6 5. g3 Nc6 6. Nxc6 bxc6 7. Bg2 Qc7 8. O-O g6 9. c4 Bg7 10. Nc3 O-O 11. Nb5 Qd7 12. Nd4 Bb7 13. Qa4 e5 14. Nc2 Qc7 15. Bg5 Nd7 16. b4 a5 17. Rfd1 axb4 18. Qxb4 Nc5 19. Qd2 e4 20. Bh6 Bxa1 21.
Rxa1 Rfe8 22. Ne3 f6 23. h4 Nb3 24. axb3 Rxa1+ 25. Kh2 Raa8 26. Qc3 Qf7 27. b4 c5 28. b5 Rac8 29. Bh3 Rc7 30. Ng4 Re6 31. Bf4 Kf8 32. Nh6 Qe7 33. h5 g5 34. Bxg5 Re5 35. Nf5 Qf7 36.
Bh6+ Kg8 37. g4 e3 38. Nxe3 d5 39. cxd5 Bxd5 40. Bf4 Rxe3 41. Qxe3 Re7 42. Qxc5 Rxe2 43. b6 Re1 44. Bg2 Bxg2 45. Kxg2 Qb7+ 46. f3 Re2+ 47. Kg3 Re8 48. Qc4+ Kh8 49. Qd4 Re6 50. Qd8+ Kg7 51.
Qc7+ Re7 52. Qxb7 Rxb7 53. Bc7 Kf7 54. Kf4 Ke6 55. Ke4 h6 56. f4 Kd7 57. Kf5 Ke7 58. Kg6 Ke6 59. f5+ Ke7 60. Kg7 1-0

[Event "***Titled Tuesday 3|2 Blitz"]
[Site "Chess.com"]
[Date "2017.02.07"]
[Round "2"]
[White "IMJonathanCarlstedt"]
[Black "pedromartinez91"]
[Result "1-0"]
[WhiteElo "2446"]
[BlackElo "2285"]
[TimeControl "180+2"]
[EndTime "13:25:55 PST"]
[Termination "IMJonathanCarlstedt won on time"]

1. c4 Nc6 2. g3 Nf6 3. Bg2 e5 4. Nc3 Be7 5. Nf3 O-O 6. O-O Re8 7. d4 exd4 8. Nxd4 Ne5 9. b3 d6 10. Bb2 c6 11. Rc1 a5 12. h3 Bf8 13. e3 Qc7 14. Qc2 g6 15. Rce1 Bg7 16. f4 Ned7 17. f5 Ne5 18. g4 g5 19. Nce2 h5 20. gxh5 Nxh5 21. Nf3 Nxf3+ 22. Bxf3 Nf6 23. Ng3 Qb6 24. Bd4 c5 25.
Bc3 d5 26. cxd5 c4 27. Bd4 Qd6 28. Kg2 cxb3 29. Qxb3 b5 30. Qb2 Bb7 31. e4 a4 32.
e5 Qd7 33. exf6 Bh6 34. Kh2 Bxd5 35. Bxd5 Qxd5 36. Qf2 Qd6 37. Bc5 Qc7 38. Re7 Rxe7 39. fxe7 g4 40. f6 gxh3 41. Kxh3 Bg5 42. Qf5 Bh6 43.
Rg1 Kh8 44. Qh5 Qf4 45. Nf5 Qxf5+ 46. Qxf5 1-0

[Event "***Titled Tuesday 3|2 Blitz"]
[Site "Chess.com"]
[Date "2017.02.07"]
[Round "2"]
[White "mrkvoz"]
[Black "Gergo85"]
[Result "1/2-1/2"]
[WhiteElo "2622"]
[BlackElo "2392"]
[TimeControl "180+2"]
[EndTime "13:25:56 PST"]
[Termination "Game drawn by stalemate"]

1. e4 c6 2. Nc3 d5 3. d3 e5 4. Qh5 Qd6 5. exd5 Nf6 6. Qe2 Nxd5 7. f4 Nxc3 8. bxc3 Nd7 9. Nf3 f6 10. d4 Be7 11. fxe5 fxe5 12. Nxe5 Nxe5 13. dxe5 Qc5 14. Qe3 O-O 15. Bd2 Be6 16. Bd3 Rad8 17. Rf1 Rxf1+ 18. Kxf1 Rd5 19. Re1 Qxe3 20. Bxe3 Ra5 21.
Rb1 b6 22. c4 Rxa2 23. c5 b5 24. Be4 a6 25. Bxc6 Rxc2 26. Ra1 Bxc5 27. Be4 Bc4+ 28.
Ke1 Bb4+ 29. Kd1 Re2 30. Rxa6 Rxe3 31. Ra8+ Kf7 32. Bxh7 Rxe5 33. Rb8 Re1+ 34. Kc2 Re2+ 35. Kd1 Rxg2 36. Bg8+ Kf6 37. Bxc4 bxc4 38. Rxb4 Rxh2 39. Rxc4 Rh5 40. Ke2 Rf5 41. Rc3 g6 42. Rg3 g5 43.
Rf3 Ke5 44. Rxf5+ Kxf5 45. Kf3 g4+ 46. Kg3 Kg5 47. Kg2 Kf4 48. Kf2 g3+ 49. Kg2 Kg4 50.
Kg1 Kf3 51. Kf1 g2+ 52. Kg1 Kg3 1/2-1/2

[Event "***Titled Tuesday 3|2 Blitz"]
[Site "Chess.com"]
[Date "2017.02.07"]
[Round "2"]
[White "GMBenjaminBok"]
[Black "maciek_92"]
[Result "1-0"]
[WhiteElo "2629"]
[BlackElo "2561"]
[TimeControl "180+2"]
[EndTime "13:25:59 PST"]
[Termination "GMBenjaminBok won by resignation"]

1. e4 c5 2. Nf3 Nc6 3. Bb5 g6 4.
Bxc6 bxc6 5. O-O Bg7 6. Re1 Nf6 7. e5 Nd5 8. c4 Nc7 9. d4 cxd4 10. Qxd4 Ne6 11. Qh4 d6 12. Nc3 dxe5 13. Nxe5 Qc7 14. Nf3 O-O 15. Bh6 Rd8 16. Bxg7 Kxg7 17. Re3 h6 18.
Rae1 g5 19. Qe4 Bb7 20. h4 Qf4 21. hxg5 hxg5 22. Nxg5 Qxe4 23. Ncxe4 Nxg5 24. Nxg5 e6 25. Rf3 Rd7 26. Ne4 Rad8 27. Nc5 Rd1 28. Rxd1 Rxd1+ 29. Kh2 Bc8 30. Rd3 Rc1 31. Rd8 Rxc4 32. b4 Rxb4 33. Rxc8 Rb2 34. a4 Rxf2 35. Rc7 Kf6 36. Ne4+ 1-0

[Event "***Titled Tuesday 3|2 Blitz"]
[Site "Chess.com"]
[Date "2017.02.07"]
[Round "2"]
[White "Robin-Side"]
[Black "MFBerna"]
[Result "0-1"]
[WhiteElo "2387"]
[BlackElo "2250"]
[TimeControl "180+2"]
[EndTime "13:26:00 PST"]
[Termination "MFBerna won by resignation"]

1. d4 d5 2. Nc3 Nf6 3. e4 dxe4 4.
f3 exf3 5. Nxf3 g6 6. Bg5 Bg7 7. Qd2 O-O 8. O-O-O Bf5 9. h3 c5 10.
d5 Ne4 11. Nxe4 Bxe4 12. Be2 Qb6 13. c3 Qa5 14. a3 Rd8 15. c4 Qxd2+ 16. Rxd2 f6 17.
Be3 Nd7 18. Re1 f5 19. Ng5 Nf6 20. Ne6 Rdc8 21. Nxc5 Bxg2 22. Nxb7 Nxd5 23. Bd4 e5 24. Bg1 Bh6 25. Nd6 Rc6 26. Nb5 a6 27. Nc3 Nxc3 28.
bxc3 Rd8 29. Rd1 Rxd2 30. Rxd2 Rd6 31. Bd4 exd4 32. c5 Bxd2+ 33. Kxd2 Rd5 34. cxd4 Rxd4+ 35. Kc3 Re4 36. Bc4+ Kg7 37. Kb4 Bf1 0-1

[Event "***Titled Tuesday 3|2 Blitz"]
[Site "Chess.com"]
[Date "2017.02.07"]
[Round "2"]
[White "martinique24"]
[Black "GrigorGrigorov"]
[Result "0-1"]
[WhiteElo "2311"]
[BlackElo "2482"]
[TimeControl "180+2"]
[EndTime "13:26:03 PST"]
[Termination "GrigorGrigorov won by checkmate"]

1. e4 g6 2. d4 Bg7 3. Nc3 c6 4.
f4 d5 5. e5 Nh6 6. Nf3 f6 7.
Be2 Bg4 8. Be3 O-O 9. Qd2 e6 10. O-O-O Nf5 11. Kb1 Bxf3 12. Bxf3 Nd7 13. h4 Nb6 14.
Bf2 Nc4 15. Qd3 Qb6 16. b3 fxe5 17. Na4 Qb4 18. fxe5 Qa3 19. bxc4 Qxa4 20. cxd5 cxd5 21. h5 Rac8 22. hxg6 hxg6 23. g4 Ne7 24. Be1 Rc4 25.
Be2 Rfc8 26. c3 R8c6 27. Qh3 Rb6+ 28. Ka1 Qc2 29. Qh7+ Kf7 30. Rf1+ Ke8 31. Bxc4 Qb2# 0-1

[Event "***Titled Tuesday 3|2 Blitz"]
[Site "Chess.com"]
[Date "2017.02.07"]
[Round "2"]
[White "macko06"]
[Black "RamonManon0g"]
[Result "0-1"]
[WhiteElo "2371"]
[BlackElo "2338"]
[TimeControl "180+2"]
[EndTime "13:26:07 PST"]
[Termination "RamonManon0g won by checkmate"]

1. d4 Nf6 2. Bf4 g6 3. Nc3 d5 4. e3 Bg7 5. h4 h5 6. Nf3 O-O 7.
Be2 c5 8. Nb5 Na6 9. c3 Bg4 10. a4 c4 11. Ne5 Bxe2 12. Qxe2 Ne4 13. g4 hxg4 14. Qxg4 Qc8 15. Qg2 Qf5 16. h5 g5 17. h6 Bf6 18. f3 Nd6 19. Rh5 Kh8 20. Bxg5 Rg8 21. Nxd6 exd6 22. Nxf7+ Kh7 23. f4 Qg6 24.
Qxd5 Qxh5 25. Qxb7 Rab8 26. Qxa6 Qh1+ 27. Kf2 Rxb2+ 28. Kg3 Qg2+ 29. Kh4 Qf3 30. Rh1 Rg2 31. Qc8 Rxc8 32. Bxf6 Qg4# 0-1

[Event "***Titled Tuesday 3|2 Blitz"]
[Site "Chess.com"]
[Date "2017.02.07"]
[Round "2"]
[White "Tesla37"]
[Black "ka1ser64"]
[Result "1-0"]
[WhiteElo "2596"]
[BlackElo "2294"]
[TimeControl "180+2"]
[EndTime "13:26:10 PST"]
[Termination "Tesla37 won by resignation"]

1. Nf3 d5 2. g3 Nf6 3. Bg2 e6 4.
O-O Be7 5. c4 O-O 6. b3 dxc4 7.
bxc4 c5 8. e3 Nc6 9. Qe2 Qa5 10.
Bb2 Rd8 11. d4 cxd4 12. exd4 Rb8 13. Nbd2 Ba3 14. Nb3 Qa4 15. Rac1 b6 16. Rfd1 Ba6 17. Bxa3 Qxa3 18. Rc3 Qa4 19. Rd2 Rbc8 20. h3 h6 21. Kh2 Rc7 22. Ne5 Na5 23. Nxa5 bxa5 24. Qe3 Rdc8 25.
Rdc2 Qb4 26. a3 Qe7 27. c5 Bb7 28. Bxb7 Rxb7 29. Rb3 Rbc7 30. Qf3 Nd5 31. Rcb2 Qe8 32. Rb7 Qd8 33. Nxf7 Qf8 34. Ne5 Qxf3 35. Nxf3 Nc3 36.
Ne5 Kh7 37. Kg2 Nd5 38. Rxc7 Rxc7 39. Rb5 Nc3 40. Rxa5 Ne2 41. Nf3 Rf7 42. Ra6 Kg8 43.
Ne5 Rf6 44. Rd6 a5 45. c6 Rf8 46. c7 1-0

[Event "***Titled Tuesday 3|2 Blitz"]
[Site "Chess.com"]
[Date "2017.02.07"]
[Round "2"]
[White "stefanodinn"]
[Black "aa175"]
[Result "1-0"]
[WhiteElo "2230"]
[BlackElo "1902"]
[TimeControl "180+2"]
[EndTime "13:26:12 PST"]
[Termination "stefanodinn won by checkmate"]

1. e4 e5 2. Nf3 Nc6 3. Bb5 a6 4. Ba4 Nge7 5. c3 g6 6. d4 exd4 7. cxd4 Bg7 8. d5 Ne5 9. Nxe5 Bxe5 10. O-O O-O 11. Nc3 Bg7 12. d6 Nc6 13. dxc7 Qxc7 14. Nd5 Qd6 15. Nb6 Qxd1 16. Rxd1 Rb8 17. Bf4 Ne5 18.
Bxe5 Bxe5 19. Bxd7 Bxd7 20. Nxd7 Bxb2 21. Rab1 Bg7 22. a4 Rfc8 23. Nxb8 Rxb8 24. a5 Bc3 25. Rd7 Bxa5 26. Rdxb7 Re8 27. Rb8 Bd8 28. Rd1 Rxe4 29. Rbxd8+ Kg7 30. f3 Ra4 31. R8d4 Ra2 32. R1d2 Ra1+ 33.
Kf2 a5 34. Rc2 a4 35. Rdd2 Rb1 36. Ra2 Rb4 37. Re2 Kf8 38. Re4 Rb1 39. Rexa4 Rh1 40. Kg3 Rb1 41. Ra7 Kg7 42. h4 Rb4 43. R2a4 Rb5 44.
Rf4 Rf5 45. Rxf5 gxf5 46. Kf4 Kg6 47. Ra6+ f6 48. g3 h5 49. Rb6 Kh6 50. Kxf5 Kh7 51. Rxf6 Kg7 52. Kg5 Kh8 53. Kxh5 Kg7 54. Kg5 Kh8 55.
g4 Kg7 56. h5 Kh8 57. Rf7 Kg8 58. Ra7 Kh8 59. Kg6 Kg8 60. Ra8# 1-0

[Event "***Titled Tuesday 3|2 Blitz"]
[Site "Chess.com"]
[Date "2017.02.07"]
[Round "2"]
[White "platy3"]
[Black "pKiLz5Rn9b"]
[Result "0-1"]
[WhiteElo "2587"]
[BlackElo "2583"]
[TimeControl "180+2"]
[EndTime "13:26:19 PST"]
[Termination "pKiLz5Rn9b won on time"]

1. e4 e6 2. d4 d5 3. Nc3 dxe4 4.
Nxe4 Nd7 5. Nf3 Ngf6 6. Nxf6+ Nxf6 7. Be3 Nd5 8. Bg5 Be7 9. Qd2 O-O 10. O-O-O Bxg5 11.
Nxg5 h6 12. Ne4 Qe7 13. g3 b6 14. Bg2 Rb8 15. Rhe1 Bb7 16. f4 Rfd8 17. Qf2 Qd7 18. Kb1 Ne7 19. Nc3 Bxg2 20. Qxg2 c6 21. g4 Qd6 22. Qf3 Ng6 23. f5 Qf4 24. Qh3 Nf8 25. Re4 Qg5 26. Rf1 Re8 27. f6 gxf6 28. Ref4 Nh7 29.
Ne4 Qg7 30. Nxf6+ Nxf6 31. Rxf6 Rbd8 32. Qf3 Re7 33. c3 c5 34. Qf4 cxd4 35. cxd4 Red7 36. d5 Qh7+ 37. Ka1 Rxd5 38. Qf3 Qc2 39. a3 Rd1+ 40. Ka2 Qb1+ 0-1

[Event "***Titled Tuesday 3|2 Blitz"]
[Site "Chess.com"]
[Date "2017.02.07"]
[Round "2"]
[White "FabianoCaruana"]
[Black "nihalsarin"]
[Result "1-0"]
[WhiteElo "2676"]
[BlackElo "2504"]
[TimeControl "180+2"]
[EndTime "13:26:20 PST"]
[Termination "FabianoCaruana won by resignation"]

1. d4 Nf6 2. c4 e6 3. Nf3 d5 4. Nc3 dxc4 5. e4 Bb4 6. Bxc4 Nxe4 7.
O-O Nxc3 8. bxc3 Be7 9. Re1 O-O 10. Ne5 Nc6 11. Qg4 f5 12. Nxc6 fxg4 13. Nxd8 Rxd8 14. Bxe6+ Bxe6 15. Rxe6 Bd6 16. Be3 Re8 17. Rxe8+ Rxe8 18. c4 c6 19. a4 Kf7 20. g3 h5 21. Kf1 Kf6 22.
Ke2 g5 23. Kd3 Re7 24. a5 a6 25. Rb1 Rd7 26. Rb6 Kf5 27. Rb3 Be7 28. Rb1 Bd8 29.
Ra1 Bf6 30. c5 Ke6 31. Kc4 Kf5 32. Re1 h4 33. Rg1 h3 34. Re1 Rd5 35. Kd3 Rd7 36.
Rf1 Ke6 37. Ke4 Re7 38. f3 Kd7+ 39. Kd3 gxf3 40. Rxf3 Re6 41. g4 Bd8 42. Rxh3 Bxa5 43. Rh7+ Kc8 44. Bxg5 Bc7 45. h4 a5 46. h5 a4 47.
Rh8+ Kd7 48. Ra8 Re1 49. h6 Rh1 50. Rxa4 Bd8 51. Bxd8 Kxd8 52. g5 Kc7 53. Ra8 Rh5 54. g6 1-0